 Dungeon Crawl Stone Soup version 0.17-a0-1255-gd996e2d (webtiles) character file.

2251 jazzscirocco the Fighter (level 9, -7/85 HPs)
             Began as a Hill Orc Fighter on June 6, 2015.
             Was a Follower of Beogh.
             Killed from afar by braks's ghost (12 damage)
             ... with a puff of frost
             ... on level 8 of the Dungeon.
             The game lasted 00:49:22 (6773 turns).

jazzscirocco the Fighter (Hill Orc Fighter)         Turns: 6773, Time: 00:49:22

Health: -7/85      AC: 13    Str: 24    XL:     9   Next: 37%
Magic:  13/13      EV: 12    Int: 11    God:    Beogh [*.....]
Gold:   344        SH: 11    Dex: 15    Spells: 0 memorised, 8 levels left

rFire  . . .     SeeInvis +     a - +0 war axe
rCold  . . .     Clarity  .     b - +1 scale mail
rNeg   + . .     SustAt   .     c - +0 shield
rPois  .         Gourm    .     z - +0 helmet
rElec  .         Spirit   .     (no cloak)
rCorr  .         Warding  .     H - +2 pair of gloves
rMut   .         Stasis   .     d - +0 pair of boots
MR     .....                    (no amulet)
Stlth  +.........               C - ring of see invisible
                                p - ring of positive energy

@: mighty, agile, drained, not resistant to hostile enchantments, very
unstealthy
A: no striking features
a: Renounce Religion


You were on level 8 of the Dungeon.
You worshipped Beogh.
Beogh was aware of your devotion.
You were not hungry.

You visited 1 branch of the dungeon, and saw 8 of its levels.

You collected 344 gold pieces.

Inventory:

Hand weapons
 a - a +0 war axe (weapon)
 k - a +0 hunting sling
 r - a +0 dagger of freezing
 u - a +0 trident of venom
 D - a cursed -2 spear
Missiles
 l - 315 stones (quivered)
Armour
 b - a +1 scale mail (worn)
 c - a +0 shield (worn)
 d - a +0 pair of boots (worn)
 z - a +0 helmet (worn)
 H - a +2 pair of gloves (worn)
Jewellery
 i - an uncursed ring of ice
 p - a ring of positive energy (left hand)
 C - a ring of see invisible (right hand)
Magical devices
 I - a wand of slowing (21)
 N - a wand of frost (15)
Scrolls
 g - 7 scrolls of identify
 o - 2 scrolls of magic mapping
 s - a scroll of summoning {unknown}
 w - a scroll of noise {unknown}
 y - 3 scrolls of amnesia {unknown}
 A - 4 scrolls of enchant armour
 B - 2 scrolls of teleportation {unknown}
 F - a scroll of fog {unknown}
 G - 2 scrolls of random uselessness
 J - a scroll of enchant weapon {unknown}
 L - a scroll of blinking {unknown}
Potions
 f - a potion of berserk rage {unknown}
 j - 2 potions of agility
 q - a potion of mutation {unknown}
 t - a potion of lignification {unknown}
 x - a potion of brilliance {unknown}
 K - a potion of magic {unknown}
Comestibles
 e - 7 bread rations
 m - 4 meat rations
 n - 3 fruits
 v - 9 beef jerkies
 M - a slice of pizza


   Skills:
 + Level 9.8(8.8) Fighting
 - Level 9.1(8.1) Axes
 - Level 0.5(0.0) Slings
 - Level 3.2(2.4) Armour
 + Level 6.3(5.3) Shields
 * Level 5.6(4.7) Invocations


You had 8 spell levels left.
You didn't know any spells.

Dungeon Overview and Level Annotations

Branches:
Dungeon (8/15)             Temple (0/1) D:5
   Lair: D:8-11

Altars:
Ashenzari
Dithmenos
Gozag
Nemelex Xobeh
Qazlal
The Shining One

Shops:
D:7 =

Annotations:
D:8 braks's ghost, experienced DrIE


Message History

Braks's ghost hits you.
* * * LOW HITPOINT WARNING * * *
Read which item? (? for menu, Esc to quit)
As you read the scroll labeled OPSUXK FULIUH, it crumbles to dust.
You feel aware of your surroundings.
You sensed 2 altars, and 1 shop/portal.
It was a scroll of magic mapping.
Braks's ghost sneers, "Where's your god now?"
You block braks's ghost's attack.
Read which item? (? for menu, Esc to quit)
As you read the scroll labeled SICSOEBAREX, it crumbles to dust.
The dust glows pale white!
It was a scroll of random uselessness.
Braks's ghost breathes negative energy at you.
The bolt of negative energy hits you! You partially resist.
You feel drained.
* * * LOW HITPOINT WARNING * * *
The bolt of negative energy hits the rat.
The rat is drained!
The rat dies!
Braks's ghost points at you and mumbles some strange words.
The puff of frost hits you!
You die...

*,* *****..,,,,,,,,,,,,,,
*,**** *.#***,,,,,****,*
*,,,,* *.# *,***,* *,*
####*###,**##.# *,# *,* *,,
#...,,....,...####.#**,* ***
#..#***#.###(.......,,,* #..#
##...$........,,,* #..#
#...W....##...,,** #..#
#..###@#......,,* **** #<.#
#..#...#......,,* *,,, ##..#
##.............,,* *,**
##...###...#...#......,,* *,*
#.....##.#.##.........,,****,*
#.(......#....####....,,,,,,,*
#......#####..#*,,....,,,,,,**
##...#...#....#*,,,...,***,**
##>.....#....#*,,,,..,* *,*


You could see braks's ghost.

Vanquished Creatures
  The ghost of Geomchi the Covert, an experienced OpAs (D:7)
  Sigmund (D:3)
  Menkaure (D:5)
  An orc warrior (D:7)
  A sky beast (D:5)
  An ice beast (D:5)
  3 ogres
  A giant frog (D:6)
  A giant frog zombie (D:5)
  A crimson imp (D:7)
  A jelly (D:7)
  3 giant frog skeletons
  3 hounds
  3 iguanas
  Terence (D:3)
  3 orc wizards (D:3)
  6 worker ants
  2 hound skeletons
  3 gnolls (D:4)
  A worker ant zombie (D:4)
  Robin (D:3)
  12 adders
  A shadow imp (D:5)
  An ooze (D:3)
  An adder skeleton (D:4)
  3 worms
  6 giant geckos
  14 orcs
  A ball python (D:4)
  7 bats
  A bat skeleton (D:8)
  10 hobgoblins
  13 jackals
  10 kobolds
  3 quokkas
  4 giant cockroaches
  A giant cockroach zombie (D:6)
  3 giant newts
  16 goblins
  10 rats
156 creatures vanquished.

Vanquished Creatures (others)
  A rat (D:8)
1 creature vanquished.

Grand Total: 157 creatures vanquished

Notes
Turn   | Place    | Note
--------------------------------------------------------------
     0 | D:1      | jazzscirocco the Hill Orc Fighter began the quest for the Orb.
     0 | D:1      | Reached XP level 1. HP: 19/19 MP: 1/1
   156 | D:1      | Reached skill level 4 in Fighting
   184 | D:1      | Reached XP level 2. HP: 25/27 MP: 2/2
   812 | D:2      | Reached XP level 3. HP: 34/34 MP: 3/3
   876 | D:2      | Found a shadowy altar of Dithmenos.
   995 | D:2      | Reached XP level 4. HP: 38/41 MP: 4/4
  1125 | D:2      | Reached skill level 5 in Fighting
  1705 | D:3      | Reached skill level 5 in Axes
  1705 | D:3      | Reached XP level 5. HP: 19/48 MP: 5/5
  1727 | D:3      | Noticed Terence
  1738 | D:3      | Killed Terence
  1882 | D:3      | Found a shattered altar of Ashenzari.
  1992 | D:3      | Reached skill level 6 in Axes
  2021 | D:3      | Noticed Sigmund
  2031 | D:3      | Killed Sigmund
  2031 | D:3      | Reached skill level 7 in Axes
  2031 | D:3      | Reached XP level 6. HP: 18/57 MP: 6/6
  2246 | D:3      | Noticed Robin
  2283 | D:3      | Killed Robin
  2362 | D:3      | Found a stormy altar of Qazlal.
  2445 | D:3      | Found a sparkling altar of Nemelex Xobeh.
  2885 | D:4      | Reached XP level 7. HP: 61/63 MP: 7/7
  3028 | D:4      | Reached skill level 8 in Axes
  3200 | D:4      | Found a glowing golden altar of the Shining One.
  3567 | D:4      | Became a worshipper of Beogh the Brigand
  3870 | D:4      | Reached skill level 9 in Axes
  4028 | D:5      | Entered Level 5 of the Dungeon
  4187 | D:5      | Reached skill level 1 in Invocations
  4232 | D:5      | Reached XP level 8. HP: 54/73 MP: 9/9
  4323 | D:5      | Found a staircase to the Ecumenical Temple.
  4327 | D:5      | Noticed Menkaure
  4334 | D:5      | Killed Menkaure
  5017 | D:6      | Found an opulent altar of Gozag.
  6215 | D:7      | Found Jeidax's Jewellery Shoppe.
  6244 | D:7      | Reached skill level 5 in Shields
  6363 | D:7      | Noticed Geomchi's ghost (experienced OpAs)
  6393 | D:7      | Killed Geomchi's ghost
  6393 | D:7      | Reached skill level 5 in Invocations
  6393 | D:7      | Reached XP level 9. HP: 68/85 MP: 11/13
  6411 | D:7      | Acquired Beogh's first power
  6751 | D:8      | Noticed braks's ghost (experienced DrIE)
  6773 | D:8      | Killed from afar by braks's ghost

Vault maps used:
D:1:      evilmike_arrival_fibonacci_small
D:2:      grunt_dithmenos_smoke, amalloy_card_club
D:3:      nicolae_ashenzari_panopticon, nemelex_deck, grunt_qazlal_clouds,
          uniq_robin, uniq_terence, uniq_sigmund
D:4:      lemuel_upstairs_altar, overflow_temple_1_default
D:5:      temple_green, first_bread, uniq_menkaure
D:6:      lemuel_crystal_altar
D:7:      serial_shops, shop, grunt_ogre_cave
D:8:      gammafunk_temple_overflow_pools, serial_shops, nicolae_shop_trees,
          uniq_grum, uniq_erolcha, uniq_maurice

Action                   |  1- 3 |  4- 6 |  7- 9 || total
-------------------------+-------+-------+-------++-------
Melee: War axe           |    76 |   178 |   399 ||   653
 Fire: Hunting sling     |    11 |       |     1 ||    12
Invok: Convert to Beogh  |       |       |     1 ||     1
  Use: Potion            |       |     3 |     5 ||     8
       Scroll            |       |     1 |     5 ||     6
  Eat: Chunk             |       |     7 |    13 ||    20
